AoeStats
← matthijs.-

Arabia

510612788Analyzed
1v1 RM · 1d ago on Oct 1, 2026· 32m 53s· 2 players
Game mode
Random Map
Map size
Tiny (2 player)
Population
200
Speed
Normal
Resources
Standard
Victory
Conquest
Starting age
Dark Age
Ending age
Imperial Age
RankedLock teamsTeams togetherTeam positionsShared explorationLock speedFull tech treeHidden civsTurbo modeCheats
Victory
Defeat
🇸🇰 Armenians · Slovakia
1196
+16
🇧🇪 Ethiopians · Belgium
1199
-16
Branči
9:50 Feudal Age
9:55 Man-at-Arms
11:01 Loom
11:00 Long Swordsman
12:01 Arson
17:41 Forging
17:53 Horse Collar
18:42 Double-Bit Axe
20:45 Wheelbarrow
20:11 Scale Mail Armor
24:32 Castle Age
25:06 Gambesons
25:22 Squires
24:47 Two-Handed Swordsman
26:17 Chain Mail Armor
30:45 Champion
matthijs.-
7:12 Loom
9:23 Feudal Age
10:33 Double-Bit Axe
22:44 Castle Age
23:06 Fletching
22:57 Crossbowman
26:33 Bodkin Arrow
Connection lost

Rejoining the realm…

Still unreachable

The connection could not be restored.

Session expired

The server has moved on; the page needs a fresh start.